 Dungeon Crawl Stone Soup version 0.15.2 (webtiles) character file.

437 Amnesiac the Insei (level 6, -2/47 HPs)
             Began as a Mummy Monk on Dec 27, 2017.
             Slain by dscm's ghost (3 damage)
             ... in a sewer.
             The game lasted 00:09:08 (5275 turns).

Amnesiac the Insei (Mummy Monk)                     Turns: 5275, Time: 00:09:08

HP  -2/47        AC  3     Str 14      XL: 6   Next: 69%
MP   6/6         EV 13     Int  9      God:
Gold 211         SH  0     Dex 16      Spells:  0 memorised,  5 levels left

rFire  x . .     SeeInvis .       - Unarmed
rCold  + . .     Clarity  .     (no armour)
rNeg   + + +     rCorr    .     (no shield)
rPois  +         rRot     +     h - +2 helmet (curse)
rElec  .         Spirit   .     (no cloak)
SustAb .         Warding  .     (no gloves)
rMut   .         Stasis   .     (no boots)
Gourm  .                        (no amulet)
MR     .....                    (no ring)
                                a - cursed ring of poison resistance

@: very slightly contaminated, not resistant to hostile enchantments, unstealthy
A: no food or potions, fire vulnerability, restore body, cold resistance 1,
negative energy resistance 3, poison resistance, torment resistance, unbreathing
a: no special abilities


You were in a sewer.
You were not hungry.

You visited 1 branch of the dungeon, and saw 5 of its levels.
You also visited: Sewer and Ossuary.

You collected 211 gold pieces.

Inventory:

Armour
 h - a cursed +2 helmet (worn)
Comestibles
 d - a bread ration
Scrolls
 b - a scroll of teleportation
 i - a scroll of remove curse
 j - 2 scrolls of noise
 o - 3 scrolls of fog
Jewellery
 a - a cursed ring of poison resistance (left hand)


   Skills:
 - Level 3.0 Fighting
 - Level 2.4 Dodging
 - Level 1.5 Stealth
 + Level 6.7 Unarmed Combat


You had 5 spell levels left.
You didn't know any spells.

Dungeon Overview and Level Annotations

Branches:
Dungeon (5/15)
 Temple: D:4-7

Altars:

Annotations:
D:4 exclusion: ogre Sewer dscm's ghost, weakling OpWn


Innate Abilities, Weirdness & Mutations

You do not eat or drink.
Your flesh is vulnerable to fire.
Your flesh is cold resistant.
You are immune to negative energy.
Your system is resistant to poisons.
You are immune to unholy pain and torment.
You can survive without breathing.


Message History

There is an empty arch of ancient stone here.
You enter the shallow water.
Moving in this stuff is going to be slow.
Dscm's ghost turns its malevolent gaze towards you.
Dscm's ghost points at you and mumbles some strange words.
The sting hits you! You resist.
* * * LOW HITPOINT WARNING * * *
Dscm's ghost points at you and mumbles some strange words.
The sting hits you! You resist.
* * * LOW HITPOINT WARNING * * *
You hit dscm's ghost but do no damage. Dscm's ghost closely misses you.
You hit dscm's ghost but do no damage. Dscm's ghost barely misses you.
You hit dscm's ghost.
Dscm's ghost is lightly damaged.
Dscm's ghost hits you.
* * * LOW HITPOINT WARNING * * *
You hit dscm's ghost but do no damage.
Dscm's ghost is lightly damaged.
Dscm's ghost hits you.
You die...

≈≈≈≈ ≈≈≈≈≈
≈≈≈≈≈≈
≈≈≈≈≈≈.##
≈≈≈≈≈≈≈≈###
≈≈≈≈≈≈≈≈∩.#
≈≈≈≈≈≈≈≈≈∩##
#≈≈≈≈≈≈≈W##
#≈≈≈≈≈≈≈@#
##≈≈≈≈≈≈##
#≈≈≈≈≈#
≈≈≈≈≈≈
≈≈≈≈≈≈ ≈≈≈≈
≈≈≈ ≈


You could see dscm's ghost.

Vanquished Creatures
  A centaur skeleton (D:5)
  A hound (D:5)
  Natasha (thrice) (D:4)
  5 big kobold zombies (Ossuary)
  A worker ant (D:4)
  A hound zombie (Ossuary)
  3 mummies (Ossuary)
  6 adders
  A gnoll (D:1)
  A worm (D:3)
  3 adder zombies (Ossuary)
  An adder skeleton (D:4)
  4 giant geckos
  6 orcs
  3 ball pythons
  A bat zombie (D:5)
  4 giant cockroaches
  7 hobgoblins
  4 jackals (D:1)
  10 kobolds
  6 bats
  6 giant newts
  10 goblins
  2 goblin zombies (Ossuary)
  5 hobgoblin zombies (Ossuary)
  4 jackal zombies (Ossuary)
  8 kobold zombies (Ossuary)
  An orc zombie (Ossuary)
  5 quokka zombies (Ossuary)
  5 rats
  3 rat zombies (Ossuary)
121 creatures vanquished.

Notes
Turn   | Place    | Note
--------------------------------------------------------------
     0 | D:1      | Amnesiac, the Mummy Monk, began the quest for the Orb.
     0 | D:1      | Reached XP level 1. HP: 18/18 MP: 1/1
   268 | D:1      | Reached XP level 2. HP: 2/24 MP: 2/2
   790 | D:1      | Reached skill level 4 in Unarmed Combat
   964 | D:1      | Reached XP level 3. HP: 19/29 MP: 3/3
  2108 | D:2      | Reached XP level 4. HP: 27/35 MP: 4/4
  2913 | D:3      | Reached skill level 5 in Unarmed Combat
  3428 | D:4      | Reached XP level 5. HP: 35/41 MP: 5/5
  3516 | D:4      | Noticed an ogre
  3732 | D:4      | Noticed an ogre
  3758 | D:4      | Noticed Natasha
  3764 | D:4      | Found a sand-covered staircase.
  3787 | D:4      | Killed Natasha
  3792 | Ossuary  | Entered an ossuary
  4203 | Ossuary  | Reached skill level 6 in Unarmed Combat
  4246 | Ossuary  | Reached XP level 6. HP: 30/47 MP: 6/6
  4909 | D:4      | Noticed Natasha
  4922 | D:4      | Killed Natasha
  5012 | D:4      | Noticed Natasha
  5037 | D:4      | Killed Natasha
  5050 | D:4      | Noticed a sky beast
  5068 | D:5      | Entered Level 5 of the Dungeon
  5235 | D:5      | HP: 2/47 [ball python (1)]
  5238 | D:5      | Found a glowing drain.
  5241 | Sewer    | Entered a sewer
  5263 | Sewer    | Noticed dscm's ghost (weakling OpWn)
  5274 | Sewer    | HP: 1/47 [dscm's ghost (5)]
  5275 | Sewer    | Slain by dscm's ghost

Action                   |  1- 3 |  4- 6 || total
-------------------------+-------+-------++-------
Melee: Unarmed           |   142 |   397 ||   539
  Use: Scroll            |       |    15 ||    15
 Stab: Sleeping          |     3 |     7 ||    10
       Distracted        |       |     1 ||     1
       Confused          |       |     3 ||     3
